 Dungeon Crawl Stone Soup version 0.24-a0-264-gf46a388 (console) character file.

Game seed: 6635560533583297491

154 Voker57 the Slasher (level 5, 0/63 HPs)
             Began as a Demonspawn Monk on Apr 11, 2019.
             Succumbed to EnegeticOcto's ghost's poison
             ... on level 3 of the Dungeon on Apr 20, 2019.
             The game lasted 00:06:28 (3608 turns).

Voker57 the Slasher (Demonspawn Monk)               Turns: 3608, Time: 00:06:29

Health: 0/63       AC: 22    Str: 11    XL:     5   Next: 13%
Magic:  5/5        EV:  2    Int: 14    God:
Gold:   154        SH:  0    Dex: 14    Spells: 4/4 levels left

rFire    . . .     SeeInvis .   a - +0 falchion
rCold    . . .     Gourm    .   (no shield)
rNeg     + + +     Faith    .   (armour currently unavailable)
rPois    +         Spirit   .   (helmet currently unavailable)
rElec    .         Reflect  .   (cloak currently unavailable)
rCorr    .         Harm     .   (gloves currently unavailable)
MR       .....     NoTele   +   (boots currently unavailable)
Stlth    +++.......             (no amulet)
HPRegen  0.20/turn              (no ring)
MPRegen  0.09/turn              (no ring)

@: lethally poisoned (0 -> -34), tree-form
A: clever 1, clumsy 1, nightstalker 1
a: no special abilities


You were on level 3 of the Dungeon.
You were hungry.
You were a tree.
You visited 1 branch of the dungeon, and saw 3 of its levels.

You collected 154 gold pieces.

Inventory:

Hand Weapons
 a - a +0 falchion (weapon)
Armour
 b - a +0 robe
 f - a +1 robe of cold resistance (melded)
 m - a scarf of resistance (melded)
 n - a +0 helmet (melded)
Jewellery
 l - an uncursed ring of ice {unknown}
Scrolls
 e - a scroll of magic mapping
 i - a scroll of identify
 j - 3 scrolls of remove curse {unknown}
Potions
 d - 2 potions of flight
Comestibles
 c - 6 rations
 k - a chunk of flesh


   Skills:
 + Level 3.9 Fighting
 * Level 4.2 Long Blades
 + Level 3.5 Dodging
 - Level 1.7 Stealth


You had 4 spell levels left.
You didn't know any spells.
Your spell library was empty.

Dungeon Overview and Level Annotations

Branches:
Dungeon (3/15)

Altars:
Fedhas

Annotations:
D:3 EnegeticOcto's ghost, amateur NaCK


Innate Abilities, Weirdness & Mutations

((You are partially covered in iridescent scales. (AC +2)))
You are slightly more attuned to the shadows.
Your mind is acute. (Int +2)
You are clumsy. (Dex -2)


Message History

You are more poisoned.
You hit EnegeticOcto's ghost but do no damage.
EnegeticOcto's ghost is heavily damaged.
* * * LOW HITPOINT WARNING * * *
You feel very sick.
EnegeticOcto's ghost hits you but does no damage.
You hit EnegeticOcto's ghost.
EnegeticOcto's ghost is heavily damaged.
* * * LOW HITPOINT WARNING * * *
You feel sick. EnegeticOcto's ghost hits you.
* * * LOW HITPOINT WARNING * * *
You are more poisoned.
You hit EnegeticOcto's ghost.
EnegeticOcto's ghost is heavily damaged.
* * * LOW HITPOINT WARNING * * *
You feel very sick.
EnegeticOcto's ghost hits you but does no damage.
You hit EnegeticOcto's ghost.
EnegeticOcto's ghost is severely damaged.
You die...

#........####.......##
##.............####...###
##.....###.##...#..<.....#
##†.###.###.###....#####..# #...#
#...#.#....##### #..###
#..#####........###.≈###....#
...###)..(#.##.#.#.≈#.###...#####
##.#...##..÷...#.#.⌠.≈###........
##.#.######.#....'..()≈#.#.###.#.
...#.# #.#.#.♣W.#§.##...###.#.
.....# #...##.#.≈.≈.##.[..#.#.
###########))###.#..§## ###..#...
# #........###.##§# #..##.. #
#.......)# ## ## ##...## #
#........# ###..# #........# ##..
#........# #.. #........# #..
#........# #..


You could see EnegeticOcto's ghost.

Vanquished Creatures
  Terence (D:2)
  2 adders (D:2)
  2 oozes
  3 worms
  2 dart slugs
  2 leopard geckos
  3 orcs
  2 ball pythons
  9 bats
  A giant cockroach (D:2)
  8 goblins
  9 hobgoblins
  7 jackals (D:2)
  10 kobolds
  2 quokkas
  7 frilled lizards
  11 rats
  2 plants (D:1)
83 creatures vanquished.

Vanquished Creatures (others)
  2 plants (D:1)
2 creatures vanquished.

Grand Total: 85 creatures vanquished

Notes
Turn   | Place    | Note
-------+----------+-------------------------------------------
     0 | D:1      | Voker57 the Demonspawn Monk began the quest for the Orb.
     0 | D:1      | Reached XP level 1. HP: 18/18 MP: 1/1
   198 | D:1      | Reached skill level 3 in Long Blades
   199 | D:1      | Gained mutation: You are slightly more attuned to the
                  | shadows. [demonic ancestry]
   199 | D:1      | Reached XP level 2. HP: 20/24 MP: 2/2
   816 | D:1      | Upgraded the game from 0.24-a0-244-ga6a6ab7 to
                  | 0.24-a0-246-gb963c9a
   847 | D:1      | Upgraded the game from 0.24-a0-246-gb963c9a to
                  | 0.24-a0-264-gf46a388
   860 | D:1      | Found a blossoming altar of Fedhas.
  1003 | D:1      | Gained mutation: You are partially covered in iridescent
                  | scales. (AC +2) [demonic ancestry]
  1003 | D:1      | Reached XP level 3. HP: 29/29 MP: 3/3
  1527 | D:1      | Gained mutation: You are clumsy. (Dex -2) [potion of
                  | mutation]
  1527 | D:1      | Gained mutation: Your mind is acute. (Int +2) [potion of
                  | mutation]
  1809 | D:2      | Noticed Terence
  1830 | D:2      | Killed Terence
  1830 | D:2      | Reached XP level 4. HP: 20/35 MP: 4/4
  2507 | D:2      | Reached skill level 4 in Long Blades
  3144 | D:3      | Reached XP level 5. HP: 42/42 MP: 5/5
  3219 | D:3      | Found a large runed translucent door.
  3219 | D:3      | Found a large runed translucent door.
  3219 | D:3      | Noticed EnegeticOcto's ghost (amateur NaCK)
  3607 | D:3      | HP: 3/63 [poisoned by EnegeticOcto's ghost]
  3608 | D:3      | Succumbed to EnegeticOcto's ghost's poison

Levels and vault maps discovered:
D:1:      elethiomel_arrival_maze, layout_loops_ring, nrook_loot_triangle,
          kennysheep_flooded_box, lexackson_kobold_supper
D:2:      layout_loops_corners, uniq_terence
D:3:      layout_rooms, ebering_ghost_disaster_area

Skill      XL: |  1  2  3  4 |
---------------+-------------+-----
Long Blades    | 3 4 |  4.2
Dodging        | 3 |  3.5
Fighting       | |  3.9
Stealth        | |  1.7

Action                   |  1- 3 |  4- 6 || total
-------------------------+-------+-------++-------
Melee: Falchion          |   259 |   191 ||   450
  Use: Scroll            |     3 |       ||     3
       Potion            |     2 |     3 ||     5
 Stab: Sleeping          |    12 |     9 ||    21
  Eat: Chunk             |     3 |     6 ||     9
Armor: Robe              |    38 |    51 ||    89
       Skin              |       |    24 ||    24
Dodge: Dodged            |   104 |   127 ||   231
       Rpst.: Falchion   |    40 |    39 ||    79

Table legend:
 A = Non-vault XP
 B = Vault XP
 C = Vault XP percentage of total XP
 D = Non-vault monster count
 E = Vault monster count
 F = Vault count percentage of total count
                 A         B        C        D         E       F
            +---------+---------+-------+---------+---------+-------
      Total |     173 |      48 |  21.7 |      72 |       9 |  11.1
            +---------+---------+-------+---------+---------+-------
        D:1 |      43 |      12 |  21.8 |      21 |       8 |  27.6
        D:2 |      98 |      36 |  26.9 |      35 |       1 |   2.8
        D:3 |      32 |       0 |   0.0 |      16 |       0 |   0.0
            +---------+---------+-------+---------+---------+-------
